 Dungeon Crawl Stone Soup version 0.29.1 (webtiles) character file.

Game seed: 12287377143939005374

29 Ordine the Shooter (level 3, -1/21 HPs)
             Began as a Tengu Hunter on Sept 14, 2022.
             Slain by an adder (3 damage)
             ... on level 1 of the Dungeon.
             The game lasted 00:02:42 (1276 turns).

Ordine the Shooter (Tengu Hunter)                   Turns: 1276, Time: 00:02:43

Health: -1/21      AC:  3    Str: 11    XL:     3   Next: 16%
Magic:  4/4        EV: 12    Int:  9    God:
Gold:   58         SH:  0    Dex: 19    Spells: 2/2 levels left

rFire   . . .      SeeInvis .   a - +0 shortbow
rCold   . . .      Faith    .   (shield currently unavailable)
rNeg    + . .      Spirit   .   c - +0 leather armour
rPois   .          Reflect  .   (helmet restricted)
rElec   .          Harm     .   (no cloak)
rCorr   .          Rampage  .   (no gloves)
Will    .....                   (boots unavailable)
Stlth   ++........              (no amulet)
HPRegen 0.07/turn               g - ring of positive energy
MPRegen 0.09/turn               k - ring of wizardry

@: lethally poisoned (-1 -> -4)
A: beak, talons 3
a: no special abilities


You were on level 1 of the Dungeon.
You visited 1 branch of the dungeon, and saw 2 of its levels.

You collected 58 gold pieces.

Inventory:

Hand Weapons
 a - a +0 shortbow (weapon)
Armour
 c - a +0 leather armour (worn)
Jewellery
 g - a ring of positive energy (left hand)
 k - a ring of wizardry (right hand)
Scrolls
 b - a scroll of immolation
 d - 3 scrolls of identify {unknown}
 e - 4 scrolls of vulnerability {unknown}
 f - a scroll of fog {unknown}
 l - a scroll of enchant armour {unknown}
Potions
 h - a potion of cancellation {unknown}
 i - a potion of curing {unknown}
 j - 2 potions of heal wounds {unknown}
 m - a potion of haste {unknown}


   Skills:
 - Level 2.0 Fighting
 * Level 5.5 Ranged Weapons
 - Level 2.1 Dodging
 - Level 1.0 Stealth


You had 2 spell levels left.
You didn't know any spells.
Your spell library contained the following spells:

 Spells                   Type           Power      Damage    Failure   Level
 Foxfire                  Conj/Fire      0%         2x1d4     21%         1
 Necrotise                Necr           0%         1d4       21%         1
 Conjure Flame            Conj/Fire      0%         6-21      52%         3
 Inner Flame              Hex/Fire       0%         N/A       52%         3
 Flame Wave               Conj/Fire      0%         2d4       88%         4


Dungeon Overview and Level Annotations

Branches:
Dungeon (2/15)

Altars:


Innate Abilities, Weirdness & Mutations

You have a beak for a mouth.
You have claws for feet.


Message History

The adder bites you but does no damage.
You climb upwards.
There is a stone staircase leading down here.
You are too injured to fight recklessly!
Fire: a) +0 shortbow
Press: ? - help, Q - select action Shift-Dir - straight line, f - adder
Aim: an adder (almost dead, 48% to hit)
You shoot an arrow. The arrow barely misses the adder.
The adder closely misses you. The adder bites you.
* * * LOW HITPOINT WARNING * * *
Fire: a) +0 shortbow
Press: ? - help, Q - select action Shift-Dir - straight line, f/p - adder
Aim: an adder (almost dead, 48% to hit)
You shoot an arrow.
The arrow hits the adder but does no damage.
The adder is almost dead.
The adder bites you but does no damage.
Fire: a) +0 shortbow
Press: ? - help, Q - select action Shift-Dir - straight line, f/p - adder
Aim: an adder (almost dead, 48% to hit)
You shoot an arrow. The arrow misses the adder.
The adder closely misses you. The adder misses you.
Unknown command.
Fire: a) +0 shortbow
Press: ? - help, Q - select action Shift-Dir - straight line, f/p - adder
Aim: an adder (almost dead, 48% to hit)
You shoot an arrow. The arrow misses the adder.
The adder barely misses you. The adder bites you.
* * * LOW HITPOINT WARNING * * *
You are lethally poisoned!
The adder poisons you!
Unknown command.
Unknown command.
Fire: a) +0 shortbow
Press: ? - help, Q - select action Shift-Dir - straight line, f/p - adder
Aim: an adder (almost dead, 48% to hit)
You shoot an arrow. The arrow completely misses the adder.
* * * LOW HITPOINT WARNING * * *
You feel sick. The adder bites you.
You die...

# ##..# #.# # ##.# #.#
# #.# #.# # #.# #.#
#.# #.# #.## #.#
#..######.#
#############........#
...............S@#####
##################


You could see an adder.

Vanquished Creatures
  4 ball pythons
  4 endoplasms (D:1)
  A giant cockroach (D:1)
  2 goblins (D:1)
  3 hobgoblins (D:1)
  A quokka (D:1)
  4 bats (D:1)
  3 frilled lizards (D:1)
  4 rats
26 creatures vanquished.

Notes
Turn   | Place    | Note
-------+----------+-------------------------------------------
     0 | D:1      | Ordine the Tengu Hunter began the quest for the Orb.
     0 | D:1      | Reached XP level 1. HP: 12/12 MP: 2/2
    89 | D:1      | Found a faded altar of an unknown god.
   244 | D:1      | Got Plato's Textbook on Sinister Magic
   319 | D:1      | Reached XP level 2. HP: 17/17 MP: 3/3
   331 | D:1      | Reached skill level 5 in Ranged Weapons
   773 | D:1      | Reached XP level 3. HP: 19/21 MP: 4/4
  1276 | D:1      | Slain by an adder

Illustrated notes

Levels and vault maps discovered:
D:1:      lightli_arrival_farm, layout_basic,
          shapermc_ecumenical_altar_rom_forum, minmay_small_reverse_x
D:2:      layout_loops_cross, basic_altar

Skill      XL: |  1  2 |
---------------+-------+-----
Ranged Weapons | 5 |  5.5
Fighting       | |  2.0
Dodging        | |  2.1
Stealth        | |  1.0

Action                   || total
-------------------------++-------
 Fire: Shortbow          ||    71
Armor: Leather armour    ||    10
Dodge: Dodged            ||    28
